Selects Australian Defense Battlegroup
Selects Australian Light Infantry Section
Australian Light Infantry Section
Australian Light Infantry Section
Construct Field Infirmary
Construct Field Infirmary
Australian Light Infantry Section
Selects Defensive Tactics
Construct Section Command Post
Australian Light Infantry Section
Construct Platoon Command Post
Unlock M3 Stuart Light Tanks
Selects CMP 15cwt Supply Run